Map: Abyssal Reef LE

Players

A.I. 1 (Elite)

  • Race: Protoss Protoss
  • Spawn Location: 11:00

A.I. 2 (Elite) - Winner!

  • Race: Terran Terran
  • Spawn Location: 5:00

VOD

Have the link to the VOD?

Description

Time

  • Played on: Aug. 19, 2017, 9:39 p.m.
  • Length: 18:08
Show
View Real Time Build Order
Export as new Build Order

A.I. 1 (Elite) Protoss 

Build Orders: Zealot Archon 

Get SALT Encoding   

  12  0:01  Probe (Chrono Boost)  
  13  0:12  Probe (Chrono Boost)  
  14  0:19  Pylon  
  14  0:22  Probe (Chrono Boost)  
  15  0:37  Probe (Chrono Boost)  
  15  0:39  Gateway  
  16  0:47  Assimilator  
  16  0:48  Probe (Chrono Boost)  
  17  0:58  Probe (Chrono Boost)  
  17  1:01  Pylon  
  18  1:09  Probe (Chrono Boost)  
  19  1:20  Probe (Chrono Boost)  
  19  1:24  Zealot  
  20  1:30  Cybernetics Core  
  20  1:31  Probe (Chrono Boost)  
  23  1:43  Probe (Chrono Boost)  
  24  1:54  Probe (Chrono Boost)  
  25  1:55  Zealot  
  25  1:58  Gateway  
  25  2:01  Pylon  
  27  2:05  Probe (Chrono Boost)  
  28  2:25  Warp Gate  
  28  2:28  Nexus  
  28  2:35  Probe (Chrono Boost)  
  29  2:40  Assimilator  
  29  2:46  Probe (Chrono Boost)  
  29  2:47  Adept  
  32  2:53  Adept  
  35  2:59  Probe (Chrono Boost)  
  35  3:07  Pylon  
  35  3:10  Probe (Chrono Boost)  
  36  3:13  Adept  
  38  3:23  Stalker  
  40  3:33  Probe (Chrono Boost)  
  41  3:38  Stalker  
  43  3:42  Gateway  
  43  3:44  Probe (Chrono Boost)  
  44  3:51  Stalker  
  46  3:56  Probe (Chrono Boost)  
  47  4:05  Probe (Chrono Boost)  
  47  4:07  Stalker  
  47  4:08  Probe (Chrono Boost)  
  51  4:16  Probe (Chrono Boost)  
  52  4:19  Stalker  
  52  4:20  Probe (Chrono Boost)  
  55  4:28  Probe (Chrono Boost)  
  57  4:31  Probe (Chrono Boost)  
  57  4:35  Stalker  
  60  4:39  Probe (Chrono Boost)  
  60  4:40  Pylon  
  60  4:42  Probe (Chrono Boost)  
  61  4:49  Pylon  
  61  4:58  Stalker x2  
  61  4:59  Probe x2 (Chrono Boost)  
  67  5:04  Stalker  
  69  5:10  Probe (Chrono Boost)  
  69  5:11  Probe (Chrono Boost)  
  71  5:15  Pylon  
  71  5:19  Pylon  
  71  5:20  Stalker  
  74  5:22  Probe x2 (Chrono Boost)  
  74  5:27  Stalker  
  76  5:33  Stalker, Probe x2 (Chrono Boost)  
  80  5:41  Stalker  
  80  5:42  Pylon  
  82  5:44  Probe (Chrono Boost)  
  82  5:46  Probe (Chrono Boost)  
  82  5:47  Twilight Council  
  82  5:49  Sentry  
  86  5:54  Sentry  
  86  5:56  Probe (Chrono Boost)  
  90  5:57  Probe (Chrono Boost)  
  90  5:58  Assimilator  
  90  6:03  Zealot  
  92  6:07  Probe (Chrono Boost)  
  92  6:08  Pylon  
  92  6:11  Assimilator  
  93  6:25  Zealot x2  
  97  6:29  Pylon, Templar Archives  
  97  6:34  Probe (Chrono Boost)  
  97  6:35  Forge, Nexus  
  97  6:36  Probe (Chrono Boost)  
  99  6:53  Forge  
  99  7:04  Protoss Ground Weapons Level 1  
  99  7:05  Pylon  
  99  7:07  High Templar  
  99  7:08  High Templar  
  103  7:12  Pylon  
  103  7:26  High Templar, Archon  
  105  7:37  High Templar  
  107  7:47  Robotics Facility  
  107  7:49  Probe x2 (Chrono Boost)  
  107  7:50  Probe (Chrono Boost), High Templar, Archon  
  112  7:53  Assimilator  
  112  7:56  Pylon  
  112  7:57  Assimilator  
  112  8:00  Probe (Chrono Boost)  
  112  8:01  Probe (Chrono Boost)  
  112  8:02  Probe (Chrono Boost)  
  112  8:03  High Templar  
  117  8:08  Pylon  
  117  8:12  Photon Cannon, Probe (Chrono Boost)  
  119  8:13  Probe (Chrono Boost)  
  119  8:14  Probe (Chrono Boost)  
  119  8:15  Gateway  
  119  8:16  Archon  
  119  8:17  High Templar  
  119  8:18  Photon Cannon  
  122  8:23  Probe (Chrono Boost)  
  122  8:25  Probe x2 (Chrono Boost)  
  125  8:27  High Templar  
  125  8:30  Warp Prism, Protoss Ground Armor Level 1  
  130  8:35  Probe (Chrono Boost)  
  130  8:36  Probe (Chrono Boost)  
  130  8:37  Probe (Chrono Boost)  
  132  8:47  Probe (Chrono Boost)  
  133  8:48  High Templar, Archon  
  133  8:53  Nexus  
  135  8:56  High Templar  
  135  9:01  Archon  
  137  9:05  Gateway, Observer  
  137  9:07  Zealot  
  140  9:10  Zealot  
  140  9:11  Pylon  
  118  9:18  Zealot  
  118  9:23  Warp Prism  
  94  9:25  High Templar  
  94  9:26  Zealot  
  94  9:29  Zealot  
  82  9:37  High Templar  
  84  9:45  Zealot  
  86  9:47  Stalker  
  86  9:50  Forge  
  86  9:52  Archon  
  88  9:56  Immortal, Zealot  
  88  9:57  Gateway  
  88  9:59  Adept  
  96  10:04  High Templar  
  99  10:07  Sentry, Probe (Chrono Boost)  
  99  10:09  Stalker  
  103  10:15  Assimilator, High Templar  
  103  10:16  Nexus  
  103  10:20  Zealot, Pylon  
  107  10:22  Assimilator  
  107  10:27  Archon  
  107  10:29  Adept  
  107  10:30  High Templar  
  107  10:32  Immortal  
  107  10:33  Adept  
  113  10:39  Sentry  
  119  10:43  Photon Cannon  
  119  10:45  Stalker  
  119  10:47  Zealot, Pylon  
  123  10:51  Zealot, Stalker  
  127  10:59  Protoss Ground Weapons Level 2  
  127  11:00  Sentry, High Templar  
  131  11:05  Psionic Storm  
  131  11:06  Zealot  
  131  11:07  Zealot  
  131  11:09  Observer  
  131  11:10  Charge, Zealot, Photon Cannon  
  138  11:13  Adept, Photon Cannon  
  138  11:17  Photon Cannon  
  140  11:22  Zealot  
  140  11:24  Sentry  
  144  11:26  Stalker  
  144  11:27  Immortal  
  144  11:29  Stalker  
  144  11:30  Stalker  
  144  11:31  Stalker  
  154  11:37  Assimilator  
  120  11:41  Zealot, Nexus, Pylon  
  120  11:46  Stalker  
  114  11:47  Assimilator  
  114  11:48  Zealot  
  114  11:51  Zealot, Stalker  
  114  11:52  Stalker  
  120  12:00  Zealot  
  122  12:03  Immortal  
  122  12:08  Sentry, High Templar  
  130  12:09  Zealot  
  130  12:14  Zealot, Stalker  
  136  12:18  Zealot  
  138  12:28  Zealot  
  132  12:30  Zealot  
  132  12:33  Zealot  
  132  12:36  Zealot, High Templar  
  112  12:38  Probe (Chrono Boost)  
  112  12:39  Sentry  
  112  12:40  Immortal, Probe (Chrono Boost)  
  112  12:44  Probe (Chrono Boost)  
  96  12:47  High Templar  
  96  12:48  Adept, Stalker  
  81  12:52  Zealot  
  81  12:55  Stalker  
  85  13:01  High Templar  
  74  13:06  High Templar  
  74  13:08  Zealot  
  74  13:09  Probe (Chrono Boost)  
  74  13:10  Adept, Sentry  
  71  13:17  High Templar  
  57  13:27  High Templar  
  57  13:29  High Templar  
  51  13:37  Adept, Zealot, Stalker, Archon  
  54  13:46  Sentry  
  50  13:52  Robotics Facility  
  50  13:55  High Templar  
  46  13:56  Zealot  
  37  14:09  Zealot  
  6  15:31  Nexus  
  6  15:40  Nexus  
  6  15:53  Probe (Chrono Boost)  
  5  16:03  Probe (Chrono Boost)  
  1  16:54  Nexus  
Show
View Real Time Build Order
Export as new Build Order

A.I. 2 (Elite) Terran - Winner!

Build Orders: Command Center First (CC), Bio Tank 

Get SALT Encoding   

  12  0:00  SCV  
  13  0:13  SCV  
  14  0:19  Supply Depot  
  14  0:25  SCV  
  15  0:40  SCV  
  16  0:52  SCV  
  17  1:04  SCV, Command Center  
  18  1:17  Barracks  
  18  1:19  SCV  
  19  1:48  Supply Depot  
  19  1:53  Refinery  
  19  1:55  SCV  
  20  2:03  Marine  
  21  2:08  Orbital Command  
  21  2:13  Barracks  
  21  2:16  SCV  
  21  2:21  Marine  
  23  2:23  Refinery  
  23  2:28  SCV  
  24  2:39  Marine  
  24  2:42  Supply Depot  
  24  2:43  SCV  
  26  2:53  Orbital Command  
  26  2:57  Marine  
  27  2:59  Marine, SCV  
  29  3:09  Factory  
  29  3:11  SCV  
  30  3:14  Marine  
  30  3:17  Marine  
  30  3:19  SCV  
  33  3:23  SCV  
  34  3:31  SCV  
  34  3:32  Marine  
  36  3:35  Marine, SCV  
  36  3:40  Barracks  
  38  3:43  SCV  
  38  3:47  SCV  
  40  3:51  Barracks Tech Lab  
  40  3:53  Barracks Tech Lab, Factory Tech Lab  
  40  3:58  Starport, SCV  
  40  3:59  SCV  
  42  4:09  Marine  
  43  4:10  SCV  
  43  4:11  Marine, SCV, Combat Shields, Stimpack  
  43  4:16  Supply Depot  
  46  4:22  SCV  
  46  4:23  SCV  
  48  4:26  Marine  
  48  4:28  Marine  
  48  4:29  Marine  
  51  4:34  Medivac  
  51  4:38  SCV x2  
  55  4:41  Supply Depot  
  55  4:44  Marine, Supply Depot  
  56  4:45  Marine  
  56  4:47  Marauder  
  59  4:57  SCV  
  60  5:02  Marine  
  60  5:03  SCV, Refinery  
  62  5:09  Refinery, SCV, Marauder  
  65  5:15  SCV  
  65  5:16  Engineering Bay  
  65  5:19  Engineering Bay  
  65  5:20  Marauder  
  68  5:21  SCV  
  68  5:25  Command Center  
  68  5:27  SCV  
  70  5:30  Marauder  
  72  5:38  SCV, Supply Depot  
  72  5:40  SCV  
  73  5:43  Terran Infantry Armor Level 1  
  73  5:45  Terran Infantry Weapons Level 1, Marauder  
  75  5:50  SCV  
  75  5:51  Marauder  
  78  5:59  SCV  
  78  6:03  SCV  
  78  6:04  Supply Depot  
  80  6:06  Barracks Reactor, Marauder  
  82  6:11  SCV  
  82  6:13  Concussive Shells, Marauder  
  85  6:23  Missile Turret  
  86  6:25  SCV  
  86  6:26  Missile Turret, SCV  
  86  6:28  Supply Depot, Marauder  
  89  6:34  Marauder  
  89  6:37  Siege Tank, SCV x2  
  89  6:38  SCV  
  97  6:49  SCV, Marauder  
  97  6:51  Missile Turret  
  97  6:54  Supply Depot, SCV  
  101  6:55  SCV  
  101  6:56  Marauder  
  104  7:01  SCV  
  104  7:06  Missile Turret, SCV  
  104  7:07  SCV  
  107  7:09  Siege Tank  
  107  7:10  Marauder  
  107  7:13  SCV  
  113  7:16  Starport Reactor  
  113  7:17  Marauder  
  113  7:18  Supply Depot, SCV  
  113  7:19  SCV  
  117  7:25  SCV  
  118  7:30  SCV  
  118  7:31  Missile Turret  
  118  7:32  Marauder  
  118  7:35  Barracks  
  121  7:38  Orbital Command, Missile Turret  
  121  7:39  Command Center  
  121  7:40  Widow Mine  
  121  7:41  SCV  
  124  7:45  SCV  
  124  7:48  Factory  
  124  7:50  Supply Depot  
  125  7:52  Armory, Medivac  
  125  7:53  SCV  
  125  7:57  SCV  
  129  7:59  Missile Turret  
  129  8:09  Siege Tank  
  132  8:13  Medivac, Supply Depot  
  132  8:15  Refinery  
  134  8:20  Refinery  
  133  8:30  Starport  
  133  8:31  Widow Mine  
  135  8:35  Marauder x2  
  135  8:36  Supply Depot  
  135  8:38  SCV  
  135  8:41  Siege Tank, Terran Infantry Weapons Level 2  
  140  8:45  Barracks  
  143  8:56  Marauder  
  143  8:57  Planetary Fortress, Refinery, Marauder  
  143  8:58  Refinery  
  143  9:00  Missile Turret, Widow Mine  
  149  9:04  Missile Turret, Command Center  
  149  9:06  Supply Depot, Starport Tech Lab  
  149  9:12  Hi-Sec Auto Tracking  
  149  9:13  Widow Mine  
  142  9:18  Marauder x2  
  142  9:19  Medivac  
  142  9:20  Marine x2  
  142  9:22  Marine  
  131  9:25  Raven  
  131  9:30  Factory Tech Lab  
  130  9:31  Marine  
  130  9:32  Medivac  
  130  9:37  Marine  
  134  9:38  Marine  
  134  9:39  Marauder  
  134  9:40  Marine x2  
  134  9:42  Siege Tank  
  142  9:49  Siege Tank  
  142  9:50  Barracks Tech Lab  
  142  9:51  Terran Vehicle Weapons Level 1  
  145  9:55  Marine  
  145  9:56  Marine  
  145  9:57  Marine  
  148  10:04  Armory, Medivac  
  150  10:08  Raven, Building Armor  
  150  10:10  Marine x2  
  150  10:12  Marine  
  150  10:13  Marine  
  156  10:14  Marine, Cyclone  
  156  10:16  Supply Depot  
  156  10:17  Planetary Fortress  
  160  10:23  Liberator  
  160  10:26  Cyclone  
  160  10:27  Missile Turret  
  163  10:28  Liberator  
  163  10:30  Marine  
  163  10:31  Missile Turret  
  163  10:32  Command Center  
  167  10:43  Marine  
  167  10:44  Marine  
  167  10:46  Siege Tank  
  175  10:51  Terran Vehicle And Ship Armor Level 1  
  175  10:56  Viking  
  177  10:58  Siege Tank  
  177  11:03  Terran Infantry Weapons Level 3  
  180  11:06  Marine, Refinery  
  180  11:07  Marine  
  180  11:08  Marine  
  180  11:10  Marine  
  184  11:17  Ghost Academy  
  184  11:18  Marine, Widow Mine  
  184  11:20  Marine  
  184  11:23  Viking  
  184  11:24  Marine  
  191  11:25  Marine  
  191  11:27  Viking  
  191  11:28  Medivac  
  191  11:30  Widow Mine  
  191  11:32  SCV  
  195  11:37  Marauder  
  195  11:39  Marauder  
  198  11:44  Planetary Fortress  
  198  11:49  Ghost  
  198  11:51  Terran Vehicle Weapons Level 2  
  198  11:53  Refinery  
  200  11:55  Missile Turret  
  200  11:59  Missile Turret  
  199  12:01  Refinery  
  199  12:08  Command Center  
  199  12:17  Factory  
  199  12:33  SCV  
  199  12:34  Raven  
  199  12:37  Missile Turret  
  199  12:41  Missile Turret, Hellion  
  200  12:49  Infernal Pre-Igniter  
  199  12:52  Hellion  
  199  12:57  Missile Turret  
  200  13:01  Missile Turret, Factory Tech Lab  
  200  13:08  Terran Infantry Armor Level 2  
  200  13:16  Refinery  
  200  13:26  Planetary Fortress  
  200  13:27  Hellion  
  200  13:28  Hellion  
  199  13:36  Missile Turret  
  199  13:37  Hellion  
  199  13:47  Missile Turret  
  199  13:48  Hellion  
  199  13:51  Terran Vehicle And Ship Armor Level 2  
  199  13:53  Marauder  
  199  13:54  Marauder  
  199  14:03  Refinery  
  199  14:06  Missile Turret  
  199  14:08  Thor  
  200  14:10  Terran Vehicle Weapons Level 3, Refinery  
  200  14:16  Factory  
  200  14:23  High Capacity Fuel Tanks  
  200  14:27  Missile Turret  
  200  15:26  Terran Infantry Armor Level 3  
Tags
 
Add a new tag
Caveats
  • Supply blocks, unpowered buildings, or Contaminate may cause inaccurate times.
  • Supply counts are checked every 10 seconds.